 Dungeon Crawl Stone Soup version 0.22.0-6-g71bd7aa (webtiles) character file.

2695 inmateoo the Fighter (level 9, 0/145 HPs)
             Began as an Ogre Berserker on Aug 14, 2018.
             Was an Elder of Trog.
             Slain by a killer bee (4 damage)
             ... on level 7 of the Dungeon.
             The game lasted 00:10:10 (7983 turns).

inmateoo the Fighter (Ogre Berserker)               Turns: 7983, Time: 00:10:11

Health: 0/145      AC:  4    Str: 37    XL:     9   Next: 65%
Magic:  0/9        EV: 11    Int: 11    God:    Trog [****..]
Gold:   356        SH:  0    Dex:  8    Spells: 8/8 levels left

rFire    . . .     SeeInvis .   o - +3 short sword (venom)
rCold    . . .     Gourm    .   (no shield)
rNeg     + + .     Faith    .   b - +1 animal skin
rPois    .         Spirit   +   (helmet restricted)
rElec    +         Reflect  .   (no cloak)
rCorr    .         Harm     .   (gloves unavailable)
MR       .....                  (boots unavailable)
Stlth    ..........             f - amulet of guardian spirit
HPRegen  0.34/turn              x - ring of Olotes {*Drain rElec rN+ Str+6 Int+3}
MPRegen  0.11/turn              l - ring of positive energy

@: berserking (expiring), lethally poisoned (0 -> -14), very quick
A: large, unfitting armour, tough skin 1
a: Berserk, Trog's Hand, Brothers in Arms, Renounce Religion


You were on level 7 of the Dungeon.
You worshipped Trog.
Trog was greatly pleased with you.
You were very hungry.

You visited 1 branch of the dungeon, and saw 7 of its levels.

You collected 356 gold pieces.

Inventory:

Hand Weapons
 o - a +3 short sword of venom (weapon)
 p - a +0 flail
Missiles
 m - 177 stones
 v - 8 silver tomahawks (quivered)
Armour
 b - a +1 animal skin (worn)
Jewellery
 f - an amulet of guardian spirit (around neck)
 l - a ring of positive energy (right hand)
 x - the ring of Olotes (left hand) {*Drain rElec rN+ Str+6 Int+3}
   (You took it off a crimson imp on level 7 of the Dungeon)

   [ring of strength]

   It affects your strength (+6).
   It affects your intelligence (+3).
   It insulates you from electricity.
   It protects you from negative energy.
   It causes draining when unequipped.
 y - an uncursed amulet of magic regeneration {unknown}
Wands
 s - a wand of iceblast (3)
Scrolls
 i - a scroll of teleportation
 j - 5 scrolls of remove curse
 q - a scroll of enchant armour
 t - 3 scrolls of magic mapping
 u - a scroll of fear {unknown}
 A - a scroll of summoning {unknown}
Potions
 a - a potion of flight
 d - a potion of curing
 e - a potion of invisibility
 g - 3 potions of mutation {unknown}
 h - a potion of agility
 k - a potion of might {unknown}
 n - 2 potions of magic
 r - 3 potions of haste
 w - a potion of heal wounds
 z - a potion of lignification {unknown}
Comestibles
 c - 8 rations


   Skills:
 + Level 8.6 Fighting
 * Level 8.0 Maces & Flails
 + Level 5.5 Throwing
 + Level 5.9 Dodging


You had 8 spell levels left.
You didn't know any spells.
Your spell library was empty.

Dungeon Overview and Level Annotations

Branches:
Dungeon (7/15)             Temple (0/1) D:4

Altars:
Dithmenos


Innate Abilities, Weirdness & Mutations

You are too large for most types of armour.
You have tough skin. (AC +1)


Message History

You kill the killer bee!
Trog accepts your kill.
Your Maces & Flails skill increases to level 8!
* * * LOW HITPOINT WARNING * * *
You feel sick.
The killer bee stings you but does no damage.
Unknown command.
You closely miss the killer bee.
The killer bee is heavily wounded.
* * * LOW HITPOINT WARNING * * *
You feel sick. The killer bee stings you.
* * * LOW HITPOINT WARNING * * *
The killer bee misses you.
Unknown command.
Unknown command.
You barely miss the killer bee.
The killer bee is heavily wounded.
* * * LOW HITPOINT WARNING * * *
You feel sick. The killer bee stings you.
You die...

#........#....#
#.....#
##########....#
#.....# .
........##### ###....
. ........#...+ +.....
........'...# #....).
........##..#
#+#.......
######+###..###.......
#...†#.......
+...@yS......
##+###....... ..#+###
..# ..# ..# ... ...


You could see a killer bee and an adder.

Vanquished Creatures
  A hornet (D:7)
  Sigmund (D:3)
  A water moccasin (D:6)
  A sky beast (D:6)
  2 ice beasts
  A necrophage (D:7)
  2 centaurs
  2 bullfrogs (D:6)
  A gnoll sergeant (D:6)
  3 scorpions
  5 killer bees (D:7)
  2 howler monkeys (D:5)
  4 crimson imps
  3 hounds
  A jelly (D:5)
  A centaur skeleton (D:4)
  2 orc priests (D:6)
  Natasha (thrice) (D:4)
  Terence (D:2)
  Ijyb (D:3)
  An iguana (D:5)
  7 orc wizards
  5 worker ants
  A hound zombie (D:6)
  2 worker ant zombies
  Robin (D:2)
  5 adders
  4 gnolls (D:6)
  A howler monkey skeleton (D:4)
  A shadow imp (D:5)
  2 oozes
  An adder skeleton (D:5)
  2 adder zombies (D:5)
  6 worms
  3 leopard geckos
  16 orcs
  3 ball pythons
  4 giant cockroaches
  14 goblins
  11 hobgoblins
  9 jackals
  4 quokkas
  A ball python skeleton (D:4)
  6 bats
  6 frilled lizards
  4 kobolds
  A quokka zombie (D:5)
  3 rats
162 creatures vanquished.

Notes
Turn   | Place    | Note
-------+----------+-------------------------------------------
     0 | D:1      | inmateoo the Ogre Berserker began the quest for the Orb.
     0 | D:1      | Reached XP level 1. HP: 24/24 MP: 1/1
   378 | D:1      | Reached XP level 2. HP: 32/32 MP: 2/2
   833 | D:2      | Reached XP level 3. HP: 40/40 MP: 3/3
   914 | D:2      | Reached ** piety under Trog
  1051 | D:2      | Noticed Robin
  1437 | D:2      | Killed Robin
  1437 | D:2      | Reached skill level 1 in Throwing
  1437 | D:2      | Reached XP level 4. HP: 32/49 MP: 4/4
  1765 | D:2      | Noticed Terence
  1775 | D:2      | Killed Terence
  2241 | D:3      | Reached skill level 5 in Fighting
  2328 | D:3      | Noticed Sigmund
  2368 | D:3      | Killed Sigmund
  2368 | D:3      | Reached XP level 5. HP: 18/57 MP: 5/5
  2368 | D:3      | Reached XP level 6. HP: 21/66 MP: 6/6
  2814 | D:3      | Noticed Ijyb
  2830 | D:3      | Killed Ijyb
  2846 | D:3      | Reached *** piety under Trog
  3042 | D:4      | Found a shadowy altar of Dithmenos.
  3065 | D:4      | Reached XP level 7. HP: 55/74 MP: 7/7
  3178 | D:4      | Noticed Natasha
  3185 | D:4      | Killed Natasha
  3303 | D:4      | Noticed Natasha
  3306 | D:4      | Killed Natasha
  3381 | D:4      | Found a staircase to the Ecumenical Temple.
  3543 | D:4      | Noticed Natasha
  3553 | D:4      | Killed Natasha
  3553 | D:4      | Reached skill level 5 in Maces & Flails
  3573 | D:5      | Entered Level 5 of the Dungeon
  4193 | D:5      | Reached XP level 8. HP: 81/84 MP: 8/8
  4286 | D:5      | Reached **** piety under Trog
  5845 | D:6      | Reached skill level 5 in Dodging
  6688 | D:6      | Reached XP level 9. HP: 57/94 MP: 9/9
  6710 | D:6      | Received a gift from Trog
  7269 | D:7      | Noticed a hornet
  7273 | D:7      | Killed a hornet
  7273 | D:7      | Reached skill level 5 in Throwing
  7445 | D:7      | Got a heavily runed lapis lazuli ring
  7447 | D:7      | Identified the ring of Olotes {*Drain rElec rN+ Str+6 Int+3} (You took it off a crimson imp on level 7 of the Dungeon)
  7982 | D:7      | HP: 5/145 [killer bee (4)]
  7983 | D:7      | Slain by a killer bee

Skill      XL: |  1  2  3  4  5  6  7  8  9 |
---------------+----------------------------+-----
Maces & Flails | 3 4 5 7 8 |  8.0
Dodging        | 3 4 5 |  5.9
Throwing       | 1 2 3 4 5 |  5.5
Fighting       | 5 6 7 8 |  8.6

Action                   |  1- 3 |  4- 6 |  7- 9 || total
-------------------------+-------+-------+-------++-------
Melee: Mace              |    78 |     5 |       ||    83
       Short sword       |       |   132 |   341 ||   473
       Flail             |       |       |     6 ||     6
Throw: Stone             |     6 |       |       ||     6
       Tomahawk          |       |       |     4 ||     4
Invok: Berserk           |     3 |     3 |     9 ||    15
       Trog's Hand       |     1 |     1 |       ||     2
Evoke: Wand              |       |       |     4 ||     4
  Use: Scroll            |       |       |    17 ||    17
  Eat: Chunk             |     3 |    10 |    20 ||    33
       Ration            |       |       |     1 ||     1
Armor: Animal skin       |    35 |    23 |    74 ||   132
Dodge: Dodged            |    48 |    77 |   197 ||   322
